 Dungeon Crawl Stone Soup version 0.17-a0-1945-gfe993df (webtiles) character file.

638 Kusio the Basher (level 7, 0/70 HPs)
             Began as an Ogre Berserker on Oct 1, 2015.
             Was a Priest of Trog.
             Slain by a phantom (8 damage)
             ... on level 4 of the Dungeon.
             The game lasted 00:07:01 (3074 turns).

Kusio the Basher (Ogre Berserker)                   Turns: 3074, Time: 00:07:01

Health: 0/70       AC:  8    Str: 23    XL:     7   Next: 50%
Magic:  7/7        EV: 10    Int:  6    God:    Trog [***...]
Gold:   183        SH:  0    Dex: 11    Spells: 0 memorised, 6 levels left

rFire  . . .     SeeInvis .     r - +2 flail (protect)
rCold  . . .     Clarity  .     b - +0 animal skin
rNeg   . . .     SustAt   .     (no shield)
rPois  .         Gourm    .     (helmet restricted)
rElec  .         Spirit   .     (no cloak)
rCorr  .         Warding  .     (gloves unavailable)
rMut   .         Stasis   .     (boots unavailable)
MR     .....                    (no amulet)
Stlth  +.........               (no ring)
                                (no ring)

@: not resistant to hostile enchantments, very unstealthy
A: unfitting armour, tough skin 1
a: Burn Spellbooks, Berserk, Trog's Hand, Renounce Religion


You were on level 4 of the Dungeon.
You worshipped Trog.
Trog was most pleased with you.
You were near starving.

You visited 1 branch of the dungeon, and saw 4 of its levels.

You collected 183 gold pieces.

Inventory:

Hand weapons
 r - a +2 flail of protection (weapon)
 u - a +0 giant club
Armour
 b - a +0 animal skin (worn)
Jewellery
 h - a cursed ring of teleportation {unknown}
 m - a cursed ring of magical power {unknown}
 o - an uncursed ring of stealth {unknown}
Magical devices
 w - a wand of disintegration (11)
Scrolls
 d - a scroll of amnesia {unknown}
 e - a scroll of enchant weapon {unknown}
 f - 2 scrolls of noise {unknown}
 g - a scroll of random uselessness {unknown}
 i - 4 scrolls of identify {unknown}
 k - a scroll of fog {unknown}
 n - a scroll of enchant armour {unknown}
 s - a scroll of blinking {unknown}
 t - 2 scrolls of immolation {unknown}
 x - a scroll of fear {unknown}
Potions
 a - a potion of resistance {unknown}
 j - a potion of invisibility {unknown}
 p - a potion of flight {unknown}
Comestibles
 c - 2 bread rations
 l - a meat ration
 q - 3 fruits
 z - a beef jerky


   Skills:
 - Level 4.0 Fighting
 + Level 10.9 Maces & Flails
 - Level 2.6 Dodging


You had 6 spell levels left.
You didn't know any spells.

Dungeon Overview and Level Annotations

Branches:
Dungeon (4/15)
 Temple: D:4-7

Altars:


Innate Abilities, Weirdness & Mutations

You are too large for most types of armour.
You have tough skin (AC +1).


Message History

You miss the phantom.
The phantom is almost destroyed.
The phantom hits you.
* * * LOW HITPOINT WARNING * * *
You closely miss the phantom.
The phantom is almost destroyed.
The phantom barely misses you.
You hit the phantom.
The phantom is almost destroyed.
The phantom hits you.
* * * LOW HITPOINT WARNING * * *
You hit the phantom.
The phantom is almost destroyed.
You hit the phantom but do no damage.
The phantom is almost destroyed.
The phantom hits you but does no damage.
You closely miss the phantom.
The phantom is almost destroyed.
The phantom hits you!
You die...

..................
.....###...#######
.....###.###
......##.# #### #.#
#.##.# #.#.#
#.###....# ## #.#.#
#........# #.# #.#.#
#.###.#### ##.#)#.#
#.....# #.#@#.#
#.###.#########W#)#
#>.............#.#.#
#.#############.#.#.#
#.# #.#.#.#.# #.# ##
#.#.#.# #.# #.#.#.#
### #.#.#.# #.#.#.


You could see a phantom.

Vanquished Creatures
  Sigmund (D:4)
  2 ogres (D:3)
  2 orc wizards (D:4)
  Ijyb (D:3)
  A hound skeleton (D:3)
  7 gnolls
  6 adders
  An ooze (D:4)
  A worm (D:3)
  5 giant geckos
  3 orcs
  2 ball pythons
  2 giant cockroaches
  8 hobgoblins
  4 jackals (D:1)
  8 kobolds
  9 bats
  5 giant newts
  4 goblins
  A jackal skeleton (D:4)
  A quokka (D:3)
  7 rats
81 creatures vanquished.

Notes
Turn   | Place    | Note
--------------------------------------------------------------
     0 | D:1      | Kusio the Ogre Berserker began the quest for the Orb.
     0 | D:1      | Reached XP level 1. HP: 24/24 MP: 1/1
   166 | D:1      | Reached XP level 2. HP: 26/32 MP: 2/2
   497 | D:1      | Reached skill level 5 in Maces & Flails
   562 | D:1      | Acquired Trog's second power
   665 | D:1      | Reached XP level 3. HP: 26/39 MP: 3/3
   981 | D:2      | Reached skill level 6 in Maces & Flails
  1084 | D:2      | Reached XP level 4. HP: 23/48 MP: 4/4
  1116 | D:2      | HP: 2/48 [poisoned by an adder]
  1122 | D:2      | HP: 2/48 [poisoned by an adder]
  1542 | D:2      | Reached skill level 7 in Maces & Flails
  1902 | D:3      | Reached XP level 5. HP: 54/54 MP: 5/5
  2224 | D:3      | Noticed an ogre
  2232 | D:3      | Killed an ogre
  2232 | D:3      | Reached skill level 8 in Maces & Flails
  2232 | D:3      | Reached XP level 6. HP: 31/62 MP: 6/6
  2247 | D:3      | Noticed an ogre
  2256 | D:3      | Killed an ogre
  2256 | D:3      | Reached skill level 9 in Maces & Flails
  2317 | D:3      | Noticed Ijyb
  2326 | D:3      | Killed Ijyb
  2708 | D:4      | Noticed Sigmund
  2961 | D:4      | Killed Sigmund
  2961 | D:4      | Reached skill level 10 in Maces & Flails
  2961 | D:4      | Reached XP level 7. HP: 36/70 MP: 7/7
  3074 | D:4      | Slain by a phantom

Vault maps used:
D:1:      sevenhm_arrival_forest_fort_large_3
D:2:      kennysheep_generic_room_6
D:3:      uniq_iyjb
D:4:      uniq_sigmund, uniq_grinder

Action                   |  1- 3 |  4- 6 |  7- 9 || total
-------------------------+-------+-------+-------++-------
Melee: Mace              |   125 |    42 |       ||   167
       Flail             |       |    82 |    35 ||   117
Invok: Berserk           |       |     5 |       ||     5
Evoke: Wand              |       |       |     2 ||     2
  Use: Potion            |       |     1 |     1 ||     2
 Stab: Sleeping          |     1 |     1 |       ||     2
  Eat: Chunk             |       |     9 |       ||     9
       Fruit             |       |     2 |       ||     2
